 Dungeon Crawl Stone Soup version 0.27-a0-1287-gca74d27db6 (webtiles) character file.

Game seed: 15773857900823152846

64 bobarctor the Grave Robber (level 3, 17/17 HPs)
             Began as a Deep Elf Necromancer on June 14, 2021.
             Was a Follower of Hepliaklqana.
             Got out of the dungeon alive.
             The game lasted 00:19:23 (3304 turns).

bobarctor the Grave Robber (Deep Elf Necromancer)   Turns: 3304, Time: 00:19:23

Health: 17/17      AC:  4    Str:  5    XL:     3   Next: 91%
Magic:  11/11      EV: 12    Int: 20    God:    Hepliaklqana [*.....]
Gold:   95         SH:  0    Dex: 15    Spells: 6/11 levels left

rFire    . . .     SeeInvis .   b - +0 club
rCold    . . .     Faith    .   (no shield)
rNeg     . . .     Spirit   .   a - +0 robe
rPois    .         Reflect  .   (no helmet)
rElec    .         Harm     .   h - +0 cloak
rCorr    .         Rampage  .   (no gloves)
Will     .....                  o - +0 pair of boots
Stlth    ++........             (no amulet)
HPRegen  0.05/turn              (no ring)
MPRegen  0.12/turn              (no ring)

@: no status effects
A: reduced essence
a: Renounce Religion, Recall Ancestor, Ancestor Identity


You escaped.
You worshipped Hepliaklqana.
Hepliaklqana was aware of your devotion.
You visited 1 branch of the dungeon, and saw 2 of its levels.

You collected 95 gold pieces.

Inventory:

Hand Weapons
 b - a +0 club (weapon)
Missiles
 c - 17 stones
 d - 8 javelins (quivered)
Armour
 a - a +0 robe (worn)
 h - a +0 cloak (worn)
 o - a +0 pair of boots (worn)
Magical Staves
 i - a staff of poison
Scrolls
 e - a scroll of enchant weapon {unknown}
 j - a scroll of teleportation {unknown}
Potions
 f - a potion of might {unknown}
 g - a potion of cancellation {unknown}
 k - a potion of haste {unknown}
 l - a potion of curing {unknown}
 m - a potion of magic {unknown}
 n - a potion of lignification {unknown}


   Skills:
 + Level 2.6 Dodging
 + Level 2.4 Stealth
 * Level 4.7 Spellcasting
 + Level 5.6 Necromancy


You had 6 spell levels left.
You knew the following spells:

 Your Spells              Type           Power      Damage    Failure   Level
a - Pain                  Necr           100%       1d9       1%          1
b - Animate Skeleton      Necr           54%        N/A       1%          1
c - Vampiric Draining     Necr           13%        2d7       3%          3

Your spell library contained the following spells:

 Spells                   Type           Power      Damage    Failure   Level
 Animate Dead             Necr           13%        N/A       12%         4
 Agony                    Necr           27%        N/A       32%         5


Dungeon Overview and Level Annotations

Branches:
Dungeon (2/15)

Altars:
Hepliaklqana


Message History

There is an open door here.
Found a gold piece.
Found 13 gold pieces.
Found a faded altar of an unknown god.
You now have 93 gold pieces (gained 11).
You see here a +0 pair of boots.
o - a +0 pair of boots You start putting on your armour.
You continue putting on your +0 pair of boots. x4
You finish putting on your +0 pair of boots.
You enter the shallow water.
Moving in this stuff is going to be slow.
You now have 94 gold pieces (gained 1).
You now have 95 gold pieces (gained 1).
There is a faded altar of an unknown god here.
No target in view!
You cannot tell which god this altar belongs to.
Convert to them anyway?
Okay, then.
You enter the shallow water.
Moving in this stuff is going to be slow.
There is a faded altar of an unknown god here.
You cannot tell which god this altar belongs to.
Convert to them anyway?
Hepliaklqana accepts your prayer! Hepliaklqana welcomes you!
Hepliaklqana forms a fragment of your life essence into the memory of your ancestor, Xochitl!
You can now recall your ancestor.
You can now remember your ancestor's identity.
Welcome back, bobarctor the Deep Elf Necromancer.
Hepliaklqana says: Your past becomes your present!
Press ? for a list of commands and other information.
You enter the shallow water.
Moving in this stuff is going to be slow.
There is a stone staircase leading down here.
There is an open door here.
There is a stone staircase leading up here.
You climb upwards.
There is a stone staircase leading down here.
You swap places.
There is a staircase leading out of the dungeon here.
Are you sure you want to leave the Dungeon?
This will make you lose the game!
You have escaped!

.......).# #.#######
....####.################.# #
...## #>#..............#.# #
.### #........#.#>#.#.#.# #
.# ###......#.###.#.#.# # .#
#.........#....#.# #
.#########........###...#.###
# †...............###
###.#...# .#########....#R@##
##.#...# .# #......#.#
##>.....##### g# #####..>##
#.#.........# .# ##.##
##..###.###.# .# #.### ###.#
#.##... .# #...###...#
#.##.#. .#
#....#....###.##... .#
#.#.###.#........#. #####
#.#.#>#.#......#...


You could see the friendly Xochitl the ancestor.

Vanquished Creatures
  A dart slug (D:1)
  5 endoplasms
  3 giant cockroaches
  7 goblins
  4 hobgoblins
  10 jackals
  7 kobolds
  2 quokkas
  4 ball pythons
  A bat (D:1)
  A frilled lizard (D:1)
  11 rats
56 creatures vanquished.

Notes
Turn   | Place    | Note
-------+----------+-------------------------------------------
     0 | D:1      | bobarctor the Deep Elf Necromancer began the quest for the
                  | Orb.
     0 | D:1      | Reached XP level 1. HP: 10/10 MP: 6/6
    79 | D:1      | Reached skill level 5 in Necromancy
   556 | D:1      | Reached XP level 2. HP: 10/15 MP: 5/8
  1598 | D:1      | Reached XP level 3. HP: 17/19 MP: 7/10
  1600 | D:1      | Learned a level 1 spell: Animate Skeleton
  1604 | D:1      | Learned a level 3 spell: Vampiric Draining
  3237 | D:2      | Found a faded altar of an unknown god.
  3262 | D:2      | Became a worshipper of Hepliaklqana the Forgotten
  3262 | D:2      | Reached * piety under Hepliaklqana
  3263 | D:2      | Upgraded the game from 0.27-a0-1281-ge233d83751 to
                  | 0.27-a0-1287-gca74d27db6
  3304 | D:$      | Got out of the dungeon alive.

Illustrated notes

Levels and vault maps discovered:
D:1:      onia_arrival_handbag, layout_basic, serial_glass, glass_columns_a,
          glass_columns_c, glass_columns_b, amcnicky_mini_corridor_feature
D:2:      layout_basic, hellmonk_ecumenical_altar_pennies_from_heaven

Skill      XL: |  1  2 |
---------------+-------+-----
Necromancy     | 5 |  5.6
Spellcasting   | 4 |  4.7
Dodging        | |  2.6
Stealth        | |  2.4

Action                   || total
-------------------------++-------
 Cast: Pain              ||    90
Dodge: Dodged            ||     6

Table legend: (Time is in decaauts)
 A = Elapsed time spent in this place.
 B = Non-inter-level travel time spent in this place.
 C = Inter-level travel time spent in this place.
 D = Time resting spent in this place.
 E = Time spent auto-exploring this place.
 F = Levels seen in this place.
 G = Mean time per level.
                   A        B        C        D        E       F      G
               +--------+--------+--------+--------+--------+-----+--------+
         Total |   3306 |   3268 |     38 |    941 |   1822 |   2 | 1653.0 |
       Dungeon |   3306 |   3268 |     38 |    941 |   1822 |   2 | 1653.0 |
               +--------+--------+--------+--------+--------+-----+--------+

Top non-repeatable levels by time:
     D:1: 2204 daAuts
     D:2: 1102 daAuts
